 Dungeon Crawl Stone Soup version 0.22-a0-603-gfc1114d (webtiles) character file.

1351 Amnesiac the Destroyer (level 8, -2/41 HPs)
             Began as a Deep Elf Wizard on July 7, 2018.
             Shot with an arrow by a centaur (8 damage)
             ... on level 6 of the Dungeon.
             The game lasted 00:08:20 (3824 turns).

Amnesiac the Destroyer (Deep Elf Wizard)            Turns: 3824, Time: 00:08:20

Health: -2/41      AC:  8    Str:  4    XL:     8   Next: 36%
Magic:  16/22      EV: 13    Int: 26    God:
Gold:   178        SH:  0    Dex: 13    Spells: 13/24 levels left

rFire    . . .     SeeInvis .   (no weapon)
rCold    . . .     Gourm    .   (no shield)
rNeg     . . .     Faith    .   a - +0 robe
rPois    .         Spirit   .   (no helmet)
rElec    .         Reflect  .   (no cloak)
rCorr    +         Harm     .   (no gloves)
MR       .....                  (no boots)
Stlth    +.........             (no amulet)
HPRegen  0.13/turn              g - ring of resist corrosion
MPRegen  0.18/turn              m - +6 ring of protection

@: confused
A: no striking features
a: no special abilities


You were on level 6 of the Dungeon.
You were hungry.

You visited 1 branch of the dungeon, and saw 6 of its levels.

You collected 178 gold pieces.

Inventory:

Armour
 a - a +0 robe (worn)
 b - a +0 hat
 j - a scarf of cloud immunity
Jewellery
 g - a ring of resist corrosion (left hand)
 m - a +6 ring of protection (right hand)
 q - a cursed -2 ring of evasion {unknown}
Wands
 n - a wand of clouds (5)
Scrolls
 c - a scroll of fog {!r, unknown}
 e - a scroll of magic mapping {!r, unknown}
 f - 5 scrolls of identify {!r}
 i - 3 scrolls of teleportation {!r}
 l - 2 scrolls of remove curse {!r, unknown}
 o - a scroll of noise {!r, unknown}
Potions
 h - a potion of ambrosia {!q}
 k - 2 potions of might {!q}
 p - 2 potions of haste {!q, unknown}
Comestibles
 d - 5 rations


   Skills:
 - Level 2.4 Dodging
 - Level 2.4 Stealth
 + Level 8.6 Spellcasting
 * Level 9.4 Conjurations
 - Level 1.1 Summonings
 - Level 1.1 Translocations


You had 13 spell levels left.
You knew the following spells:

 Your Spells              Type           Power        Failure   Level  Hunger
a - Magic Dart            Conj           ####         1%          1    None
b - Call Imp              Summ           ###.....     4%          2    None
e - Mephitic Cloud        Conj/Pois/Air  ####....     4%          3    None
s - Conjure Flame         Conj/Fire      #####...     2%          3    None
v - Blink                 Tloc           N/A          4%          2    None

Your spell library contained the following spells:

 Spells                   Type           Power        Failure   Level  Hunger
 Slow                     Hex            ##......     9%          2    None


Dungeon Overview and Level Annotations

Branches:
Dungeon (6/15)
 Temple: D:4-7

Altars:
Ashenzari
Elyvilon

Annotations:
D:3 Robin


Message History

The magic dart hits the ogre.
The ogre is moderately wounded.
Casting: Magic Dart (safe; 1% risk of failure)
Confirm with . or Enter, or press ? or * to list all spells.
Aiming: Magic Dart (safe; 1% risk of failure)
Press: ? - help, Shift-Dir - straight line, f - ice beast
Aim: an ice beast The magic dart hits the ice beast.
The ice beast is lightly wounded.
The centaur wields a shortbow.
The centaur shoots an arrow.
The arrow hits you.
You see here an arrow.
The sky beast flickers out of sight!
Deactivating autopickup; reactivate with Ctrl-A.
Something hits you but does no damage.
You see here a ration.
A sky beast appears from thin air!
Reactivating autopickup.
The sky beast flickers out of sight!
Deactivating autopickup; reactivate with Ctrl-A.
The centaur shoots an arrow.
A centaur opens the door.
The centaur shoots an arrow.
The arrow misses you.
Casting: Magic Dart (safe; 1% risk of failure)
Confirm with . or Enter, or press ? or * to list all spells.
Aiming: Conjure Flame (safe; 2% risk of failure)
Press: ? - help, Dir - move target cursor
Okay, then.
The centaur shoots an arrow.
The arrow hits you!
The centaur shoots an arrow.
The arrow hits you.
You see here an arrow.
Casting: Conjure Flame (safe; 2% risk of failure)
Confirm with . or Enter, or press ? or * to list all spells.
Aiming: Conjure Flame (safe; 2% risk of failure)
Press: ? - help, Dir - move target cursor You see a ghostly outline there, and the spell fizzles.
The centaur shoots an arrow.
The arrow closely misses you. Something hits you. Something shocks you.
* * * LOW HITPOINT WARNING * * *
The centaur shoots an arrow.
The arrow closely misses you.
The centaur shoots an arrow.
You see here 2 arrows.
The centaur shoots an arrow.
The arrow barely misses you.
You see here 2 arrows.
You open the door.
The centaur shoots an arrow.
The arrow hits you!
* * * LOW HITPOINT WARNING * * *
Something hits you.
* * * LOW HITPOINT WARNING * * *
Something shocks you.
* * * LOW HITPOINT WARNING * * *
The centaur shoots an arrow.
There is an open door here.
Really quaff
h - 2 glowing silvery potions {!q}?
It was a potion of ambrosia {!q}.
You are confused.
You feel invigorated.
The centaur shoots an arrow.
The arrow hits you.
* * * LOW HITPOINT WARNING * * *
Something hits you but does no damage.
You bump into the stone wall.
Something hits you.
* * * LOW HITPOINT WARNING * * *
Something shocks you.
* * * LOW HITPOINT WARNING * * *
You bump into the rock wall.
The centaur shoots an arrow. x2
The arrow hits you!
You die...

######+.# #....
#.. #.# #....
#..#.+ #.#
#.... #..#.#
#.# #....
#..#.# #.#
#.... #..#.#
#.# #..).
#..#.# #c#
#####
#..#.+####+.#.#
#..#.c.{@...#(#
#..'########'.#
#...((.(..c...#
#...###########
#####


You could see a centaur.

Vanquished Creatures
  A troll (D:5)
  An ice beast (D:5)
  A sky beast (D:5)
  A scorpion (D:4)
  2 howler monkeys
  2 crimson imps
  A centaur zombie (D:5)
  3 jellies
  4 hounds
  A centaur skeleton (D:4)
  4 orc priests
  4 orc wizards
  3 worker ants (D:4)
  A hound skeleton (D:5)
  5 gnolls
  9 adders
  An ooze (D:5)
  An adder zombie (D:5)
  2 worms (D:5)
  2 adder skeletons (D:4)
  2 leopard geckos
  16 orcs
  2 bats (D:3)
  4 giant cockroaches
  3 jackals (D:5)
  2 quokkas
  A ball python (D:1)
  3 frilled lizards
  A goblin (D:2)
  A leopard gecko skeleton (D:4)
  A rat (D:2)
85 creatures vanquished.

Vanquished Creatures (collateral kills)
  An adder (D:4)
  A bat (D:2)
2 creatures vanquished.

Grand Total: 87 creatures vanquished

Notes
Turn   | Place    | Note
-------+----------+-------------------------------------------
     0 | D:1      | Amnesiac the Deep Elf Wizard began the quest for the Orb.
     0 | D:1      | Reached XP level 1. HP: 10/10 MP: 7/7
    46 | D:2      | Reached skill level 2 in Conjurations
    46 | D:2      | Reached XP level 2. HP: 14/15 MP: 1/9
    68 | D:2      | Learned a level 2 spell: Blink
    71 | D:2      | Learned a level 2 spell: Call Imp
   410 | D:3      | Reached XP level 3. HP: 19/19 MP: 0/11
   415 | D:3      | Learned a level 3 spell: Conjure Flame
   419 | D:3      | Learned a level 3 spell: Mephitic Cloud
   487 | D:3      | Reached skill level 5 in Spellcasting
   545 | D:3      | Reached skill level 3 in Conjurations
   703 | D:4      | Reached XP level 4. HP: 21/24 MP: 7/13
   752 | D:4      | Reached skill level 4 in Conjurations
   768 | D:3      | Noticed Robin
   868 | D:4      | Reached XP level 5. HP: 15/28 MP: 0/15
   994 | D:4      | Found a white marble altar of Elyvilon.
  1134 | D:4      | Reached skill level 5 in Conjurations
  1315 | D:4      | Reached XP level 6. HP: 25/32 MP: 3/17
  1531 | D:4      | Reached skill level 6 in Conjurations
  1865 | D:4      | Found a shattered altar of Ashenzari.
  2127 | D:5      | Entered Level 5 of the Dungeon
  2217 | D:5      | Reached XP level 7. HP: 32/36 MP: 14/19
  2293 | D:5      | Reached skill level 7 in Conjurations
  2347 | D:5      | Noticed a troll
  2926 | D:5      | Reached skill level 8 in Conjurations
  3165 | D:5      | Killed a troll
  3165 | D:5      | Reached XP level 8. HP: 38/41 MP: 1/22
  3330 | D:5      | Reached skill level 9 in Conjurations
  3815 | D:6      | HP: 2/41 [something (5)]
  3823 | D:6      | HP: 1/41 [something (5)]
  3824 | D:6      | Shot with an arrow by a centaur

Vault maps used:
D:1:      onia_arrival_handbag
D:2:      kennysheep_nub
D:3:      first_ration, uniq_robin, uniq_natasha
D:4:      kennysheep_mini_moat, ashenzari_altar_1, hangedman_decor_peaks_small
D:5:      minmay_divided_ellipse
D:6:      serial_shops, nicolae_shop_window_shopping, minivault_11,
          kennysheep_generic_room_8, uniq_grinder

Skill      XL: |  1  2  3  4  5  6  7  8 |
---------------+-------------------------+-----
Conjurations   | 2 3 4 5 6 8 9 |  9.4
Spellcasting   | 5 6 7 8 |  8.6
Dodging        | |  2.4
Stealth        | |  2.4
Summonings     | |  1.1
Translocations | |  1.1

Action                   |  1- 3 |  4- 6 |  7- 9 || total
-------------------------+-------+-------+-------++-------
Melee: Unarmed           |     8 |       |       ||     8
 Cast: Magic Dart        |    60 |   108 |   157 ||   325
       Call Imp          |     1 |     6 |       ||     7
       Conjure Flame     |     1 |     1 |     7 ||     9
       Mephitic Cloud    |       |     2 |       ||     2
       Blink             |       |       |     7 ||     7
  Use: Scroll            |       |     2 |       ||     2
       Potion            |       |     1 |     1 ||     2
 Stab: Distracted        |     1 |       |       ||     1
  Eat: Chunk             |       |     4 |     4 ||     8
Armor: Robe              |     9 |     2 |     6 ||    17
Dodge: Dodged            |    20 |    27 |    27 ||    74

Table legend:
 A = Spawn XP
 B = Non-spawn XP
 C = Spawn XP percentage of total XP
 D = Spawn monster count
 E = Non-spawn monster count
 F = Spawn count percentage of total count
 G = Total turns spent on level
                    A         B        C        D         E        F      G
               +---------+---------+-------+---------+---------+-------+---------
         Total |       0 |    1930 |   0.0 |       0 |      87 |   0.0 |  3824
               +---------+---------+-------+---------+---------+-------+---------
           D:1 |       0 |       1 |   0.0 |       0 |       1 |   0.0 |    40
           D:2 |       0 |      22 |   0.0 |       0 |       7 |   0.0 |   205
           D:3 |       0 |      41 |   0.0 |       0 |       8 |   0.0 |   399
           D:4 |       0 |     572 |   0.0 |       0 |      32 |   0.0 |  1662
           D:5 |       0 |    1162 |   0.0 |       0 |      36 |   0.0 |  1409
           D:6 |       0 |     132 |   0.0 |       0 |       3 |   0.0 |   109
               +---------+---------+-------+---------+---------+-------+---------
